 Dungeon Crawl Stone Soup version 0.28.0-53-g5a82cb258f (webtiles) character file.

Game seed: 17030391756896778256

37 Tiocfaidh the Skirmisher (level 3, -4/34 HPs)
             Began as a Deep Dwarf Abyssal Knight on July 31, 2022.
             Was a Believer of Lugonu.
             Slain by a worm (5 damage)
             ... on level 2 of the Dungeon.
             The game lasted 00:08:35 (1058 turns).

Tiocfaidh the Skirmisher (DDAK)                     Turns: 1058, Time: 00:08:35

Health: -4/34      AC:  3    Str: 18    XL:     3   Next: 23%
Magic:  4/4        EV: 11    Int: 10    God:    Lugonu [**....]
Gold:   69         SH:  0    Dex: 13    Spells: 2/2 levels left

rFire   . . .      SeeInvis .   i - +2 hand axe (elec)
rCold   . . .      Faith    .   (no shield)
rNeg    + . .      Spirit   .   b - +0 leather armour
rPois   .          Reflect  .   (no helmet)
rElec   .          Harm     .   (no cloak)
rCorr   .          Rampage  .   (no gloves)
Will    .....                   (no boots)
Stlth   +.........              (no amulet)
HPRegen 0.00/turn               h - ring of positive energy
MPRegen 0.09/turn               (no ring)

@: no status effects
A: damage resistance, heal wounds, sense surroundings 1, no regeneration
a: Heal Wounds, Renounce Religion, Depart the Abyss, Bend Space


You were on level 2 of the Dungeon.
You worshipped Lugonu.
Lugonu was pleased with you.
You visited 1 branch of the dungeon, and saw 3 of its levels.
You visited the Abyss 1 time.

You collected 69 gold pieces.

Inventory:

Hand Weapons
 a - a +1 hand axe
 d - a +0 hunting sling
 i - a +2 hand axe of electrocution (weapon)
Missiles
 c - 45 stones (quivered)
 f - 14 sling bullets
 j - 4 poisoned darts
Armour
 b - a +0 leather armour (worn)
Jewellery
 h - a ring of positive energy (left hand)
Scrolls
 k - 2 scrolls of holy word


   Skills:
 + Level 3.2 Fighting
 + Level 2.4 Axes
 + Level 1.4 Slings
 + Level 2.4 Armour
 + Level 1.4 Dodging
 + Level 2.4 Invocations


You had 2 spell levels left.
You didn't know any spells.
Your spell library contained the following spells:

 Spells                   Type           Power      Damage    Failure   Level
 Sublimation of Blood     Necr           0%         N/A       56%         2
 Stone Arrow              Conj/Erth      0%         3d7       80%         3
 Animate Armour           Summ/Erth      0%         N/A       99%         4
 Petrify                  Tmut/Erth      0%         N/A       99%         4
 Irradiate                Conj/Tmut      0%         3d13      100%        5
 Lehudib's Crystal Spear  Conj/Erth      0%         10d2      100%        8


Dungeon Overview and Level Annotations

Branches:
Dungeon (3/15)

Altars:

Shops:
D:1 =


Innate Abilities, Weirdness & Mutations

You are resistant to damage.
You can heal yourself by infusing magical energy.
You passively map a small area around you.
You do not regenerate.


Message History

You kill the endoplasm!
Lugonu accepts your kill.
You can now bend space around yourself.
Found 7 gold pieces.
Found a stone staircase leading up.
An orc and an orc priest come into view.
The orc shouts!
The orc priest shouts!
You hear a shout!
You hear an angry hiss.
You see here 7 gold pieces.
An adder comes into view.
The adder hisses angrily.
There is a stone staircase leading up here.
The adder bites you. x2
You climb upwards.
The worm bites you.
Found a whip.
There is a stone staircase leading down here.
The adder bites you.
You hit the adder. Lightning courses through the adder!!
You kill the adder!
Lugonu accepts your kill.
Your Slings skill increases to level 1!
You have reached level 3!
Your experience leads to an increase in your attributes!
Increase (S)trength, (I)ntelligence, or (D)exterity?
You feel stronger. x2
You hit the worm but do no damage. You hit the worm.
The worm is lightly wounded.
The worm bites you.
* * * LOW HITPOINT WARNING * * *
You hit the worm. Lightning courses through the worm!
The worm is almost dead.
The worm closely misses you.
You hit the worm.
You kill the worm!
Lugonu accepts your kill. The worm bites you.
* * * LOW HITPOINT WARNING * * *
You hit the worm but do no damage. You barely miss the worm.
The worm bites you.
You die...

###### #....#
#.##.# #@# *
#w#* * #.# **
* #.#####.#
*, *#>.......
#.........#.#
#.###......)#
* **
#.......# * ,
#.....w..


You could see a worm.

Vanquished Creatures
  An adder (D:2)
  A worm (D:2)
  A dart slug (D:1)
  An orc (D:3)
  3 endoplasms
  3 goblins (D:1)
  A hobgoblin (D:1)
  2 kobolds (D:1)
  3 ball pythons
  2 bats (D:1)
  3 frilled lizards (D:1)
  2 rats (D:1)
23 creatures vanquished.

Notes
Turn   | Place    | Note
-------+----------+-------------------------------------------
     0 | Abyss:1  | Tiocfaidh the Deep Dwarf Abyssal Knight began the quest for
                  | the Orb.
     0 | Abyss:1  | Reached XP level 1. HP: 20/20 MP: 2/2
   102 | Abyss:1  | Found a corrupted altar of Lugonu.
   112 | D:1      | Escaped the Abyss
   119 | D:1      | Found Obliyk's Jewellery Shop.
   333 | D:1      | Reached skill level 3 in Fighting
   452 | D:1      | Reached XP level 2. HP: 21/28 MP: 3/3
   976 | D:2      | You fall into a shaft and drop 1 floor!
  1010 | D:3      | Reached ** piety under Lugonu
  1048 | D:2      | Reached skill level 1 in Slings
  1048 | D:2      | Reached XP level 3. HP: 10/34 MP: 4/4
  1056 | D:2      | HP: 1/34 [worm (4)]
  1058 | D:2      | Slain by a worm

Illustrated notes

Levels and vault maps discovered:
D:1:      mrwooster_arrival_statue_2, layout_basic, serial_shops, shop,
          nrook_mini_backslash, minmay_pentomino_t2
D:2:      layout_basic, nrook_uturn
D:3:      layout_loops_ring, hangedman_decor_growths, minmay_misc_feat_room

Skill      XL: |  1  2 |
---------------+-------+-----
Fighting       | 3 |  3.2
Slings         | 1 |  1.4
Axes           | |  2.4
Armour         | |  2.4
Dodging        | |  1.4
Invocations    | |  2.4

Action                   || total
-------------------------++-------
Melee: Hand axe          ||    31
       Punch             ||     1
 Fire: Hunting sling     ||    33
Throw: Stone             ||     1
  Use: Scroll            ||     2
Armor: Leather armour    ||     5
Dodge: Dodged            ||    20
